 Dungeon Crawl Stone Soup version 0.27.1-34-g3ba077fa99 (webtiles) character file.

Game seed: 14791847634108702185

7490 BeavisTheGrey the Basher (level 10, -1/98 HPs)
             Began as a Troll Monk on Feb 4, 2022.
             Was a Priest of Trog.
             Slain by a seven-headed hydra (9 damage)
             ... on level 10 of the Dungeon.
             The game lasted 01:26:08 (16419 turns).

BeavisTheGrey the Basher (Troll Monk)              Turns: 16419, Time: 01:26:09

Health: -1/98      AC:  7    Str: 24    XL:     10   Next: 95%
Magic:  9/9        EV: 12    Int:  6    God:    Trog [***...]
Gold:   298        SH:  0    Dex: 12    Spells: 9/9 levels left

rFire    . . .     SeeInvis .   r - +4 flail (protect)
rCold    . . .     Faith    .   (no shield)
rNeg     . . .     Spirit   .   a - +0 robe
rPois    .         Reflect  .   (helmet restricted)
rElec    .         Harm     .   j - +2 cloak
rCorr    .         Rampage  .   (gloves unavailable)
Will     .....                  (boots unavailable)
Stlth    ++........             (no amulet)
HPRegen  1.26/turn              (no ring)
MPRegen  0.11/turn              (no ring)

@: on berserk cooldown, slowed, very slow
A: large, unfitting armour, claws 3, regeneration 1, shaggy fur 1, tough skin 1
a: Renounce Religion, Berserk, Trog's Hand


You were on level 10 of the Dungeon.
You worshipped Trog.
Trog was most pleased with you.
You visited 1 branch of the dungeon, and saw 11 of its levels.

You collected 441 gold pieces.
You spent 143 gold pieces at shops.

Inventory:

Hand Weapons
 l - a +1 dagger of protection
 r - a +4 flail of protection (weapon)
 x - a +3 scimitar
Missiles
 b - 58 poisoned darts (quivered)
 h - 8 boomerangs
 k - 4 large rocks
Armour
 a - a +0 robe (worn)
 j - a +2 cloak (worn)
Wands
 d - a wand of polymorph (8)
 g - a wand of iceblast (11)
 y - a wand of flame (18)
Scrolls
 c - 3 scrolls of identify
 i - a scroll of holy word {unknown}
 m - a scroll of acquirement {unknown}
 p - 5 scrolls of teleportation
 q - a scroll of brand weapon {unknown}
 w - 2 scrolls of magic mapping {unknown}
Potions
 e - 2 potions of haste
 f - a potion of resistance {unknown}
 n - 5 potions of curing
 o - a potion of brilliance {unknown}
 s - a potion of attraction {unknown}
 t - 2 potions of magic
 u - 2 potions of heal wounds
 v - 2 potions of degeneration {unknown}
 z - a potion of mutation {unknown}


   Skills:
 + Level 6.2 Fighting
 + Level 9.2 Maces & Flails
 + Level 3.8 Throwing
 + Level 7.0 Dodging
 + Level 2.9 Stealth
 + Level 6.6 Unarmed Combat
 + Level 1.0 Evocations


You had 9 spell levels left.
You didn't know any spells.
Your spell library was empty.

Dungeon Overview and Level Annotations

Branches:
Dungeon (11/15)            Temple (0/1) D:7            Lair (0/6) D:8
    Orc: D:9-12

Altars:
Ashenzari
Dithmenos
Gozag
Hepliaklqana
Kikubaaqudgha
Nemelex Xobeh
Sif Muna
Trog
Vehumet
Wu Jian
Xom
Yredelemnul
The Shining One

Shops:
D:1 [   D:2 *   D:6 !


Innate Abilities, Weirdness & Mutations

You are too large for most types of armour.
You have claws for hands.
Your natural rate of healing is unusually fast.
You are covered in fur. (AC +1)
You have tough skin. (AC +1)


Message History

The seven-headed hydra bites you.
The seven-headed hydra barely misses you.
The seven-headed hydra bites you but does no damage.
There is a stone staircase leading up here.
You feel a strong urge to attack something.
The seven-headed hydra bites you!
The seven-headed hydra bites you but does no damage. x2
The seven-headed hydra closely misses you.
The seven-headed hydra bites you.
The seven-headed hydra bites you but does no damage.
The seven-headed hydra bites you!
You climb upwards.
There is a stone staircase leading down here.
Unknown command.
You feel your anger nearly subside.
You are no longer berserk.
You are exhausted.
You feel yourself slow down.
The seven-headed hydra closely misses you.
The seven-headed hydra barely misses you.
The seven-headed hydra bites you. The seven-headed hydra bites you!
The seven-headed hydra bites you but does no damage.
The seven-headed hydra closely misses you.
The seven-headed hydra bites you! The seven-headed hydra bites you.
The seven-headed hydra completely misses you.
The seven-headed hydra bites you but does no damage.
The seven-headed hydra barely misses you.
The seven-headed hydra bites you. x3
You feel much better. The seven-headed hydra misses you.
The seven-headed hydra barely misses you.
The seven-headed hydra bites you. The seven-headed hydra bites you! x2
The seven-headed hydra bites you. The seven-headed hydra bites you!
* * * LOW HITPOINT WARNING * * *
The seven-headed hydra misses you. The seven-headed hydra bites you!
* * * LOW HITPOINT WARNING * * *
The seven-headed hydra closely misses you.
The seven-headed hydra bites you.
* * * LOW HITPOINT WARNING * * *
The seven-headed hydra bites you!
You die...

############ ########
###..........#
#......###............#
#......#(..#..........#
....>....###..........#
#......### #..>.......#
####.### ####.#######
#.# #D## #.# #.@# #.#
##.# #.# #.# #.#
###'### ###'####
#.....# #......####
#.....#
#......'..#########
#......####♣.♣≈≈≈##
#........#♣...♣≈≈≈#


You could see a seven-headed hydra.

Vanquished Creatures
  3 death yaks (D:7)
  A manticore (D:8)
  Maggie (D:9)
  A hornet (D:9)
  4 yaks
  2 wyverns
  2 steam dragons
  Edmund (D:4)
  An acid dragon (D:9)
  A water moccasin (D:8)
  Duvessa (D:5)
  3 orc warriors
  A necrophage (D:7)
  A sky beast (D:8)
  2 ogres
  2 centaurs
  2 kobold brigands
  Blork the orc (D:4)
  3 scorpions
  7 bullfrogs
  A wyvern zombie (D:7)
  A water moccasin zombie (D:5)
  Dowan (D:5)
  A water moccasin skeleton (D:5)
  3 killer bees (D:10)
  4 wights
  A lava snake (D:8)
  A jelly (D:4)
  2 centaur zombies
  3 orc priests
  A centaur skeleton (D:6)
  2 hounds
  2 iguanas (D:6)
  8 orc wizards
  2 howler monkey zombies
  Robin (D:2)
  4 adders
  6 gnolls
  A howler monkey skeleton (D:7)
  2 shadow imps
  2 ufetubi
  An adder skeleton (D:5)
  3 worms
  4 dart slugs
  25 orcs
  8 bats
  8 endoplasms
  3 giant cockroaches
  17 goblins
  10 hobgoblins
  12 kobolds
  2 quokkas (D:1)
  9 ball pythons
  6 frilled lizards
  5 rats
202 creatures vanquished.

Vanquished Creatures (others)
  4 fungi (D:8)
4 creatures vanquished.

Grand Total: 206 creatures vanquished

Notes
Turn   | Place    | Note
-------+----------+-------------------------------------------
     0 | D:1      | BeavisTheGrey the Troll Monk began the quest for the Orb.
     0 | D:1      | Reached XP level 1. HP: 22/22 MP: 0/0
   213 | D:1      | You fall into a shaft and drop 1 floor!
   274 | D:2      | Reached XP level 2. HP: 29/29 MP: 1/1
   497 | D:1      | Reached XP level 3. HP: 32/36 MP: 2/2
   851 | D:1      | Found Tupodolu's Antique Armour Shoppe.
  1002 | D:2      | Found Qiyk's Assorted Antiques.
  1084 | D:2      | Reached XP level 4. HP: 37/44 MP: 3/3
  1114 | D:2      | Noticed Robin
  1146 | D:2      | Killed Robin
  1751 | D:2      | Found a faded altar of an unknown god.
  1933 | D:3      | Found an ancient bone altar of Kikubaaqudgha.
  2147 | D:3      | Found a shimmering altar of Xom.
  2400 | D:3      | Reached XP level 5. HP: 52/52 MP: 4/4
  2634 | D:4      | Noticed Blork the orc
  2646 | D:4      | Killed Blork the orc
  2647 | D:4      | Reached skill level 5 in Unarmed Combat
  3117 | D:4      | Reached XP level 6. HP: 59/59 MP: 5/5
  3722 | D:4      | Noticed Edmund
  3735 | D:4      | Killed Edmund
  3933 | D:5      | Entered Level 5 of the Dungeon
  4022 | D:5      | Noticed Dowan
  4023 | D:5      | Noticed Duvessa
  4191 | D:5      | Reached XP level 7. HP: 67/67 MP: 6/6
  4330 | D:5      | Killed Dowan
  4331 | D:5      | Reached skill level 1 in Maces & Flails
  4340 | D:5      | HP: 2/67 [Duvessa (6)]
  4356 | D:5      | Killed Duvessa
  4537 | D:5      | Reached skill level 2 in Maces & Flails
  4537 | D:5      | Reached skill level 1 in Throwing
  4718 | D:5      | Found a bloodstained altar of Trog.
  4723 | D:5      | Became a worshipper of Trog the Wrathful
  4723 | D:5      | Reached * piety under Trog
  4723 | D:5      | Reached ** piety under Trog
  4943 | D:5      | Reached XP level 8. HP: 75/75 MP: 7/7
  5103 | D:6      | Reached skill level 3 in Maces & Flails
  5407 | D:6      | Found Cawup's Distillery.
  5416 | D:6      | Bought 2 potions of heal wounds for 110 gold pieces
  5463 | D:6      | Bought a potion of curing for 33 gold pieces
  5699 | D:6      | Reached skill level 4 in Maces & Flails
  6040 | D:6      | Found a shimmering blue altar of Sif Muna.
  6496 | D:7      | Reached skill level 5 in Maces & Flails
  6652 | D:7      | Reached skill level 5 in Dodging
  6827 | D:7      | Found a staircase to the Ecumenical Temple.
  8157 | D:7      | Reached XP level 9. HP: 77/79 MP: 8/8
  8375 | D:7      | Found an ornate altar of the Wu Jian Council.
  8496 | D:7      | Found a broken altar of Ashenzari.
  8497 | D:7      | Found a shadowy altar of Dithmenos.
  8498 | D:7      | Found a sparkling altar of Nemelex Xobeh.
  8499 | D:7      | Found a radiant altar of Vehumet.
  8861 | D:8      | Found an opulent altar of Gozag.
  8885 | D:8      | Reached skill level 6 in Maces & Flails
  8978 | D:8      | Noticed a manticore
  8991 | D:8      | Killed a manticore
 10077 | D:8      | Found a basalt altar of Yredelemnul.
 10178 | D:8      | Noticed a death yak
 10183 | D:8      | Noticed a death yak
 10189 | D:8      | Noticed a death yak
 10328 | D:7      | Killed a death yak
 10329 | D:7      | Reached skill level 5 in Fighting
 10329 | D:7      | Reached skill level 7 in Maces & Flails
 10789 | D:7      | Killed a death yak
 10790 | D:7      | Reached XP level 10. HP: 96/96 MP: 9/9
 12412 | D:8      | Found a staircase to the Lair.
 13147 | D:7      | Killed a death yak
 13148 | D:7      | Reached skill level 8 in Maces & Flails
 14070 | D:9      | Found a glowing golden altar of the Shining One.
 14085 | D:9      | Noticed Maggie
 14120 | D:9      | Killed Maggie
 14121 | D:9      | Reached skill level 1 in Evocations
 14180 | D:9      | Found a flagged portal.
 14861 | D:9      | Paralysed by a hornet for 1 turns
 14864 | D:9      | Reached skill level 9 in Maces & Flails
 15368 | D:10     | Entered Level 10 of the Dungeon
 15764 | D:10     | Reached *** piety under Trog
 16337 | D:10     | Found a hazy altar of Hepliaklqana.
 16405 | D:11     | Noticed a seven-headed hydra
 16419 | D:10     | Slain by a seven-headed hydra

Illustrated notes

Levels and vault maps discovered:
D:1:      nzn_arrival_depleted_hourglass, layout_rooms, serial_shops, shop
D:2:      minmay_chambers_of_ones, layout_loops_ring,
          shapermc_ecumenical_altar_mp_vishouse, serial_shops, shop_statue,
          uniq_robin
D:3:      minmay_angry_zag, layout_rooms, makhleb_altar_promises_db,
          nicolae_kikubaaqudgha_miasma_corner, mainiacjoe_overflow_alcove_4
D:4:      layout_loops_corners, hangedman_decor_slide_cut, uniq_edmund,
          uniq_blork_the_orc
D:5:      layout_basic, mainiacjoe_overflow_six_doors_small, uniq_duvessa
D:6:      layout_loops_ring, nicolae_sif_muna_little_library, serial_shops,
          nicolae_diamond_shop
D:7:      layout_loops_corners, grunt_temple_overflow_open,
          nicolae_ru_path_of_blood, nzn_wu_jian_contemplation,
          minmay_temple_entry_waves
D:8:      layout_basic, nicolae_overflow_hidden_temple,
          mainiacjoe_overflow_small_starburst, dpeg_lair_monsters,
          fungi_pond_lemuel, minmay_misc_feat_five, kennysheep_island_fort
D:9:      layout_basic, lemuel_doored_altar, enter_bailey_3, uniq_maggie
D:10:     layout_roguey, worldfamousw_hep_ancestral_shrine
D:11:     layout_roguey, nicolae_trove_entry_free_sample, serial_curves,
          eino_curves_02, eino_curves_02

Skill      XL: |  1  2  3  4  5  6  7  8  9 10 |
---------------+-------------------------------+-----
Dodging        | 3 4 5 6 7 |  7.0
Unarmed Combat | 4 5 6 |  6.6
Fighting       | 3 4 5 6 |  6.2
Maces & Flails | 2 5 7 9 |  9.2
Throwing       | 1 2 3 |  3.8
Stealth        | 2 |  2.9
Evocations     | 1 |  1.0

Action                   |  1- 3 |  4- 6 |  7- 9 | 10-12 || total
-------------------------+-------+-------+-------+-------++-------
Melee: Unarmed           |    78 |   173 |       |       ||   251
       Punch             |       |     2 |    14 |    11 ||    27
       Flail             |       |    14 |   275 |   168 ||   457
Throw: Dart              |       |     6 |    32 |    14 ||    52
Invok: Berserk           |       |       |     6 |    13 ||    19
Evoke: Wand              |       |       |     7 |     2 ||     9
  Use: Scroll            |       |     4 |     7 |     5 ||    16
       Potion            |       |       |     2 |     1 ||     3
 Stab: Sleeping          |     1 |     1 |     3 |       ||     5
Armor: Robe              |    34 |    61 |   128 |    94 ||   317
       Skin              |       |       |     1 |       ||     1
Dodge: Dodged            |    37 |    95 |   178 |   107 ||   417
